 Dungeon Crawl Stone Soup version 0.21-a0-372-gd0ff781 (webtiles) character file.

56 grizmgrazm2 the Skirmisher (level 3, 0/29 HPs)
             Began as a Demonspawn Fighter on Oct 16, 2017.
             Succumbed to an adder's poison
             ... on level 2 of the Dungeon.
             The game lasted 00:02:12 (903 turns).

grizmgrazm2 the Skirmisher (Demonspawn Fighter)      Turns: 903, Time: 00:02:13

Health: 0/29       AC:  8    Str: 22    XL:     3   Next: 69%
Magic:  3/3        EV:  8    Int:  9    God:
Gold:   146        SH:  9    Dex: 12    Spells: 2/2 levels left

rFire    . . .     SeeInvis .   a - +0 flail
rCold    + . .     Gourm    .   c - +0 shield
rNeg     . . .     Faith    .   b - +0 scale mail
rPois    .         Spirit   .   (no helmet)
rElec    .         Reflect  .   (no cloak)
rCorr    .         Harm     .   (no gloves)
MR       .....                  g - +1 pair of boots
Stlth    ..........             (no amulet)
HPRegen  0.09/turn              (no ring)
MPRegen  0.08/turn              (no ring)

@: mighty, lethally poisoned (0 -> -6)
A: cold resistance 1, sturdy frame 1
a: no special abilities


You were on level 2 of the Dungeon.
You were not hungry.

You visited 1 branch of the dungeon, and saw 2 of its levels.

You collected 146 gold pieces.

Inventory:

Hand Weapons
 a - a +0 flail (weapon)
Armour
 b - a +0 scale mail (worn)
 c - a +0 shield (worn)
 g - a +1 pair of boots (worn)
Scrolls
 e - 2 scrolls of identify {unknown}
 h - a scroll of teleportation {unknown}
 k - a scroll of magic mapping {unknown}
 l - a scroll of blinking {unknown}
 n - a scroll of remove curse {unknown}
Potions
 d - a potion of might
Comestibles
 f - 3 bread rations
 i - a meat ration
 j - a royal jelly


   Skills:
 + Level 3.4 Fighting
 + Level 2.5 Maces & Flails
 + Level 2.9 Armour
 + Level 3.3 Shields


You had 2 spell levels left.
You didn't know any spells.

Dungeon Overview and Level Annotations

Branches:
Dungeon (2/15)

Altars:


Innate Abilities, Weirdness & Mutations

Your flesh is cold resistant. (rC+)
Your movements are slightly less encumbered by armour. (ER -2)


Message History

* * * LOW HITPOINT WARNING * * *
You feel sick.
A bat comes into view.
* * * LOW HITPOINT WARNING * * *
You feel sick.
* * * LOW HITPOINT WARNING * * *
You feel sick. The bat hits you but does no damage. You block the bat's attack.
* * * LOW HITPOINT WARNING * * *
You feel sick. The bat closely misses you.
* * * LOW HITPOINT WARNING * * *
You feel sick. You block the bat's attack.
Your shield and scale mail prevent you from hitting the bat.
* * * LOW HITPOINT WARNING * * *
You feel sick. The bat barely misses you.
You are too injured to fight recklessly!
It was a potion of cancellation.
You feel magically purged. The bat hits you but does no damage.
You feel very mighty all of a sudden.
You die...

$..... #.#
....... #.##
#.......#
###..## #..
..... ...... #.#
.... ##.### #.#
###..#####....
#†#
#..........###
#b#.#..........#
#
#@#.....(......#
# #.#
#..........# #
##.#
#..........#
#############..#
###.#.######
..............##
#.#.###
#...#...#.#####
#.....####
..........#
##..#..).###
...#...######
##.........
.............#
###.......


You could see a bat.

Vanquished Creatures
  3 adders (D:2)
  2 leopard geckos
  A giant cockroach (D:2)
  2 goblins
  2 hobgoblins
  2 jackals (D:1)
  6 kobolds (D:1)
  A quokka (D:2)
  A ball python (D:2)
  3 bats
  3 frilled lizards (D:1)
  2 rats (D:1)
28 creatures vanquished.

Notes
Turn   | Place    | Note
-------+----------+-------------------------------------------
     0 | D:1      | grizmgrazm2 the Demonspawn Fighter began the quest for the Orb.
     0 | D:1      | Reached XP level 1. HP: 18/18 MP: 1/1
   106 | D:1      | Gained mutation: Your movements are slightly less encumbered by armour. (ER -2) [demonic ancestry]
   106 | D:1      | Reached XP level 2. HP: 22/24 MP: 2/2
   721 | D:2      | Gained mutation: Your flesh is cold resistant. (rC+) [demonic ancestry]
   721 | D:2      | Reached XP level 3. HP: 26/29 MP: 3/3
   900 | D:2      | HP: 1/29 [poisoned by an adder]
   903 | D:2      | Succumbed to an adder's poison

Vault maps used:
D:1:      co_arrival_random_square_maze, fountainhead, minmay_misc_feat_hallway,
          minmay_tetromino_t4
D:2:      lemuel_coloured_pillars_altar, minitemple, first_bread,
          yredelemnul_altar_generic, uniq_sigmund

Skill      XL: |  1  2 |
---------------+-------+-----
Maces & Flails | 2 |  2.5
Shields        | 3 |  3.3
Fighting       | |  3.4
Armour         | |  2.9

Action                   || total
-------------------------++-------
Melee: Flail             ||   101
  Use: Potion            ||     2
Armor: Scale mail        ||    61
Dodge: Dodged            ||    40
Block: Shield            ||    54

Table legend:
 A = Spawn XP
 B = Non-spawn XP
 C = Spawn XP percentage of total XP
 D = Spawn monster count
 E = Non-spawn monster count
 F = Spawn count percentage of total count
 G = Total turns spent on level
                    A         B        C        D         E        F      G
               +---------+---------+-------+---------+---------+-------+---------
         Total |       0 |      80 |   0.0 |       0 |      28 |   0.0 |   903
               +---------+---------+-------+---------+---------+-------+---------
           D:1 |       0 |      27 |   0.0 |       0 |      18 |   0.0 |   639
           D:2 |       0 |      53 |   0.0 |       0 |      10 |   0.0 |   264
               +---------+---------+-------+---------+---------+-------+---------
